 Dungeon Crawl Stone Soup version 0.29-a0-319-gad05b8d819 (webtiles) character file.

Game seed: 14340153562845845656

18 Leszczynek the Shield-Bearer (level 2, -1/24 HPs)
             Began as a Palentonga Wanderer on Apr 1, 2022.
             Frozen to death by an endoplasm (4 damage)
             ... on level 1 of the Dungeon.
             The game lasted 00:01:25 (197 turns).

Leszczynek the Shield-Bearer (Palentonga Wanderer)   Turns: 197, Time: 00:01:25

Health: -1/24      AC:  5    Str: 15    XL:     2   Next: 51%
Magic:  3/3        EV:  7    Int: 12    God:
Gold:   16         SH:  6    Dex:  9    Spells: 3/3 levels left

rFire   . . .      SeeInvis +   a - +0 falchion
rCold   . . .      Faith    .   b - +2 buckler
rNeg    . . .      Spirit   .   e - +0 ring mail
rPois   .          Reflect  .   (no helmet)
rElec   .          Harm     .   (no cloak)
rCorr   .          Rampage  .   (no gloves)
Will    .....                   (no barding)
Stlth   ..........              (no amulet)
HPRegen 0.08/turn               (no ring)
MPRegen 0.08/turn               (no ring)

@: no status effects
A: large, rugged brown scales 3, see invisible, deformed body, roll 1, armoured
tail
a: Rolling Charge


You were on level 1 of the Dungeon.
You visited 1 branch of the dungeon, and saw 1 of its levels.

You collected 16 gold pieces.

Inventory:

Hand Weapons
 a - a +0 falchion (weapon)
Armour
 b - a +2 buckler (worn)
 c - a +0 scale mail
 e - a +0 ring mail (worn)
Scrolls
 f - a scroll of identify {unknown}
Potions
 d - a potion of heal wounds {unknown}


   Skills:
 * Level 2.8 Fighting
 - Level 2.0 Long Blades
 - Level 1.0 Armour
 + Level 3.4 Shields
 - Level 1.0 Spellcasting


You had 3 spell levels left.
You didn't know any spells.
Your spell library was empty.

Dungeon Overview and Level Annotations

Branches:
Dungeon (1/15)

Altars:


Innate Abilities, Weirdness & Mutations

You are completely covered in rugged brown scales. (AC +3, +7% HP)
You have supernaturally acute eyesight. (SInv)
Armour fits poorly on your strangely shaped body.
You can roll at nearby foes to attack.
You have a long armoured tail.


Message History

You hit the ball python.
You kill the ball python!
You are no longer berserk.
You are exhausted.
You feel yourself slow down.
You start resting.
You feel yourself speed up.
You recover from your berserk rage.
Items here: )) ††.
Found a scroll labelled BAUNUT WUX GUG.
d - a white potion
f - a scroll labelled BAUNUT WUX GUG
Items here: )) ††.
You see here a ball python corpse.
Found a dented copper amulet.
Found a tubular pearl ring.
A frilled lizard comes into view.
The frilled lizard hisses angrily.
An endoplasm comes into view.
The endoplasm quivers.
Unknown command.
Manual exploration ON.
Manual exploration OFF.
Manual exploration ON.
You completely miss the endoplasm.
You tail-slap the endoplasm, but do no damage.
You block the endoplasm's attack. The endoplasm freezes you.
You are frozen.
You barely miss the endoplasm. You block the endoplasm's attack.
You hit the endoplasm. You tail-slap the endoplasm.
The endoplasm is severely wounded.
The endoplasm freezes you.
You are frozen.
* * * LOW HITPOINT WARNING * * *
You hit the endoplasm but do no damage.
The endoplasm is severely wounded.
The endoplasm freezes you.
You are frozen.
You die...

..##. #)#..##.# .....#####
#.#.#.# # .........#
####.#.##.. ...."....##
#....#..##..# #.........#
#....######.# #.........#
#.....##(.#.# #.........#
#......##.#.#
#.........####.......#.#.#
#........lJ@.†.........#.#
#.=......#####.........#.##
#........# #......>.....##
.PPP.....# #(...........†.
P≈PP.##### ##......##...##
≈≈≈P≈ ############# ≈≈


You could see an endoplasm and a frilled lizard.

Vanquished Creatures
  A gnoll (D:1)
  An endoplasm (D:1)
  A giant cockroach (D:1)
  A goblin (D:1)
  A hobgoblin (D:1)
  A jackal (D:1)
  2 ball pythons (D:1)
  A rat (D:1)
9 creatures vanquished.

Notes
Turn   | Place    | Note
-------+----------+-------------------------------------------
     0 | D:1      | Leszczynek the Palentonga Wanderer began the quest for the
                  | Orb.
     0 | D:1      | Leszczynek set off with the following items: a +0 falchion,
                  | a +2 buckler, a +0 scale mail, a potion of berserk rage
                  | {!q}
     0 | D:1      | Reached XP level 1. HP: 17/17 MP: 2/2
    98 | D:1      | HP: 2/18 [gnoll/+0 whip (5)]
   103 | D:1      | Reached XP level 2. HP: 2/24 MP: 3/3
   196 | D:1      | HP: 3/24 [frozen (4)]
   197 | D:1      | Frozen to death by an endoplasm

Illustrated notes

Levels and vault maps discovered:
D:1:      sevenhm_arrival_forest_fort_small_5, layout_basic, serial_bayou,
          serial_bayou_lagoon_a, serial_bayou_pond_d, serial_bayou_pond_d,
          serial_bayou_crossing, minmay_cut_off

Action                   || total
-------------------------++-------
Melee: Falchion          ||    31
       Tailslap          ||     6
 Abil: Rolling Charge    ||     1
  Use: Potion            ||     1
Armor: Scale mail        ||     6
Dodge: Dodged            ||     5
Block: Buckler           ||     7

Table legend: (Time is in decaauts)
 A = Elapsed time spent in this place.
 B = Non-inter-level travel time spent in this place.
 C = Inter-level travel time spent in this place.
 D = Time resting spent in this place.
 E = Time spent auto-exploring this place.
 F = Levels seen in this place.
 G = Mean time per level.
                   A        B        C        D        E       F      G
               +--------+--------+--------+--------+--------+-----+--------+
         Total |    214 |    214 |      0 |     28 |      0 |   1 |  214.0 |
       Dungeon |    214 |    214 |      0 |     28 |      0 |   1 |  214.0 |
               +--------+--------+--------+--------+--------+-----+--------+

Top non-repeatable levels by time:
     D:1: 214 daAuts
